 Dungeon Crawl Stone Soup version 0.31-a0-188-g5e087ee2ca (webtiles) character file.

Game seed: 7313823346084370008

92856 jlumianski the Thaumaturge (level 16, -16/99 HPs)
             Began as a Djinni Fire Elementalist on June 22, 2023.
             Was the Champion of Makhleb.
             Killed from afar by Frances (38 damage)
             ... with a shard of ice
             ... on level 1 of the Snake Pit on June 23, 2023.
             The game lasted 05:04:15 (24206 turns).

jlumianski the Thaumaturge (DjFE)                  Turns: 24206, Time: 05:04:15

Health: -16/99     AC: 22    Str:  7      XL:     16   Next: 55%
Gold:   1053       EV: 27    Int: 24 (26) God:    Makhleb [******] SH:  5 Dex: 16

rFire   + + .        a - +12 pair of quick blades "Gyre" and "Gimble" {protect}
rCold   x . .        (shield currently unavailable)
rNeg    . . .        D - +1 troll leather armour
rPois   ∞            c - +2 helmet {Int+3}
rElec   .            S - +2 cloak
rCorr   .            m - +2 pair of gloves
SInv    .            (boots unavailable)
Will    +....        K - amulet of reflection
Stlth   ++++         u - +5 ring of evasion
HPRegen 1.16/turn    o - +5 ring of evasion
MPRegen 0.00/turn

%: reflection, infuse magic (-17 HP)
@: under a protective aura, flying
A: sickness immunity, fire resistance 2, cold vulnerability 1, float, innate
caster, HP casting, extra vitality 1
a: Renounce Religion, Minor Destruction, Lesser Servant of Makhleb, Major
Destruction, Greater Servant of Makhleb


You were on level 1 of the Snake Pit.
You worshipped Makhleb.
Makhleb was exalted by your worship.
You visited 5 branches of the dungeon, and saw 25 of its levels.
You also visited: Sewer.

You collected 2611 gold pieces.
You spent 1558 gold pieces at shops.

Inventory:

Hand Weapons
 a - the +12 pair of quick blades "Gyre" and "Gimble" (weapon) {protect}
   (You bought it in a shop on level 10 of the Dungeon)
 d - the +3 dagger of Dishonour {freeze, rN+++ rCorr Dex-5 SInv}
   (You found it on level 2 of the Dungeon)

   Dex:       It affects your dexterity (-5).
   rN:        It renders you almost immune to negative energy.
   SInv:      It lets you see invisible.
   rCorr:     It protects you from acid and corrosion.
 h - the +4 rapier "Nekojasch" {freeze, rElec}
   (You found it on level 2 of the Lair of Beasts)

   rElec:     It insulates you from electricity.
Missiles
 i - 70 poisoned darts
 F - 25 boomerangs
 O - 7 curare-tipped darts
 Q - 2 throwing nets
 R - 5 atropa-tipped darts
Armour
 c - a +2 helmet of intelligence (worn)
 m - a +2 pair of gloves (worn)
 D - a +1 troll leather armour (worn)
 S - a +2 cloak (worn)
Magical Staves
 w - a staff of conjuration
Jewellery
 l - a ring of fire
 o - a +5 ring of evasion (right hand)
 u - a +5 ring of evasion (left hand)
 K - an amulet of reflection (around neck)
 L - a ring of ice
Wands
 p - a wand of charming (15)
 q - a wand of digging (9)
 r - a wand of roots (12)
 H - a wand of acid (18)
 T - a wand of mindburst (3)
Scrolls
 b - a scroll of butterflies
 j - 3 scrolls of poison
 k - 10 scrolls of teleportation
 v - 2 scrolls of identify
 z - a scroll of blinking
 A - 5 scrolls of revelation
 C - a scroll of immolation
 J - 2 scrolls of fear
Potions
 e - 4 potions of might
 f - 2 potions of haste
 g - a potion of attraction
 t - 6 potions of curing
 B - 2 potions of berserk rage
 I - 4 potions of invisibility
 M - a potion of enlightenment
 N - 2 potions of cancellation
 P - a potion of resistance
Miscellaneous
 x - a box of beasts (inert)


   Skills:
 + Level 4.1 Fighting
 * Level 9.0 Short Blades
 + Level 2.6 Staves
 + Level 5.3 Armour
 * Level 11.2 Dodging
 * Level 8.6 Stealth
 - Level 2.5 Shields
 * Level 12.7 Spellcasting
 * Level 12.7 Conjurations
 * Level 12.7 Hexes
 * Level 12.7 Summonings
 * Level 12.7 Necromancy
 * Level 12.7 Translocations
 * Level 12.7 Transmutations
 * Level 12.7 Fire Magic
 * Level 12.7 Ice Magic
 * Level 12.7 Air Magic
 * Level 12.7 Earth Magic
 * Level 12.7 Poison Magic
 * Level 12.3 Invocations
 * Level 7.9 Evocations


You knew the following spells:

 Your Spells              Type           Power      Damage    Failure   Level
a - Foxfire               Conj/Fire      100%       2x1d9     1%          1
b - Scorch                Fire           100%       2d9       1%          2
c - Volatile Blastmotes   Fire/Tloc      100%       2d18      1%          3
d - Inner Flame           Hex/Fire       67%        N/A       1%          3
e - Flame Wave            Conj/Fire      67%        2d15      1%          4
f - Beastly Appendage     Tmut           100%       N/A       1%          1
g - Poisonous Vapours     Pois/Air       100%       N/A       1%          2
h - Dazzling Flash        Conj/Hex       100%       N/A       1%          3
i - Hailstorm             Conj/Ice       67%        3d14      1%          3
j - Summon Ice Beast      Ice/Summ       67%        N/A       1%          4
k - Freezing Cloud        Conj/Ice/Air   33%        6-21      1%          5
l - Death Channel         Necr           33%        N/A       4%          6
Your spell library was empty.

Dungeon Overview and Level Annotations

Branches:
Dungeon (15/15)            Temple (1/1) D:4            Lair (5/5) D:9
 Shoals (0/4) Lair:3        Snake (2/4) Lair:2        Slime (0/5) Lair:5
    Orc (2/2) D:12            Elf (0/3) Orc:2        Vaults (0/5) D:14
 Depths (0/4) D:15          Sewer (visited)

Altars:
Ashenzari
Cheibriados
Dithmenos
Elyvilon
Fedhas
Gozag
Hepliaklqana
Makhleb
Nemelex Xobeh
Okawaru
Qazlal
Ru
Trog
Uskayaw
Wu Jian
Xom
Yredelemnul
Zin
The Shining One
Jiyva

Shops:
D:8 (   D:9 [   D:10 *(?   Orc:1 *   Orc:2 ?[(*

Annotations:
Snake:1 Frances


Innate Abilities, Weirdness & Mutations

You are immune to sickness and miasma.
You are immune to poison.
Your flesh is very heat resistant. (rF++)
You are vulnerable to cold. (rC-)
You float through the air rather than walking.
You learn spells naturally, not from books.
Your magical power is your life essence.
You have superior vitality. (+4 MHP)


Message History

Frances chants phrases taken from a devil's mouth.
The shard of ice misses you.
Your juvenile firesting beast stings Frances but does no damage.
Your ice beast hits Frances but does no damage.
You hit Frances. x2; You hit Frances but do no damage.
You hit Frances.
Frances is almost dead.
Frances says, "Would you challenge me, knowing my power?"
You block Frances's attack. The chaos spawn barely misses you.
Your ice beast hits Frances but does no damage.
Your juvenile firesting beast stings Frances but does no damage.
You hit Frances but do no damage. You hit Frances.
You hit Frances but do no damage. x2
Frances is almost dead.
Frances completely misses you.
The chaos spawn hits you but does no damage.
The ynoxinul gestures.
The neqoxec gestures at you.
You feel dopey. Something feeds on your intellect!
You barely miss Frances. You closely miss Frances.
You hit Frances but do no damage. You barely miss Frances.
Frances is almost dead.
You carefully extract the barbed spikes from your body.
Frances mutters in a terrible tongue.
The entropic shot hits you!
Your ice beast hits Frances but does no damage.
Your juvenile firesting beast stings Frances from afar.
Frances looks as sick as possible!
Your juvenile firesting beast poisons Frances!
The chaos spawn gores you.
* * * LOW HITPOINT WARNING * * *
Space warps around you.
* * * LOW HITPOINT WARNING * * *
The ufetubus hits your ice beast but does no damage. x2
Okay, then.
You hit Frances. You barely miss Frances. You closely miss Frances.
You barely miss Frances.
Frances is almost dead.
Frances chants phrases taken from a devil's mouth.
The shard of ice hits you!!!
You feel a painful chill!
You die...

###.....# #.......#
#.......# #)......#
#.......#
#....5.###############
#...53Y.N..4.........4
#...34@##############$
#....@.# #..(..H#
#..##### #.#####
#>....# #####..##.###
#...)........
#.####.#.#..# #.#
.#... #


You could see Frances (fast, extremely poisoned, ally target), a neqoxec
(summoned), a ynoxinul (summoned), a chaos spawn (summoned), a naga, 2 ufetubi,
a friendly juvenile firesting beast (summoned) and a friendly ice beast
(summoned).

Vanquished Creatures
  Roxanne (D:15)
  2 orc warlords (Orc:2)
  A stone giant (D:15)
  Nessos (D:12)
  An ettin (D:12)
  2 fire dragons
  2 hydras
  2 boulder beetles
  A catoblepas (Lair:4)
  Erica (D:8)
  3 centaur warriors
  2 dancing weapons (D:14)
  2 tengu warriors (D:15)
  6 death yaks (Lair:4)
  9 two-headed ogres
  A naga warrior (Snake:1)
  Urug (Lair:3)
  An orc high priest (Orc:2)
  Nergalle (D:12)
  A naga sharpshooter (Snake:1)
  Amaemon (Lair:3)
  A naga ritualist (Snake:1)
  The ghost of Cyfinlor the Jinx, a novice SpEn of Kikubaaqudgha (Lair:1)
  7 orc knights
  A deep elf pyromancer (D:15)
  An ugly thing (D:11)
  3 manticores
  4 orc sorcerers
  A salamander (Lair:1)
  A salamander (shapeshifter) (D:13)
  5 cyclopes
  8 black mambas
  2 merfolk sirens (Lair:3)
  5 elephants
  Maurice (D:11)
  4 torpor snails (Lair:5)
  An orange demon (Lair:3)
  10 cane toads
  Maggie (D:9)
  2 gargoyles (D:12)
  A freezing wraith (D:14)
  An unseen horror (D:11)
  2 rime drakes
  A kobold demonologist (D:6)
  Psyche (D:8)
  10 komodo dragons
  2 efreet (D:14)
  4 yaktaurs (D:15)
  11 polar bears
  7 hornets
  A wind drake (shapeshifter) (D:15)
  4 trolls
  5 saltlings (Orc:2)
  13 blink frogs
  5 dream sheep (Lair:5)
  3 tyrant leeches (Lair:5)
  A raiju (Lair:5)
  9 slime creatures (D:13)
  A shadow (D:11)
  5 wyverns
  A vampire (D:10)
  A spriggan (shapeshifter) (D:14)
  A wraith (D:12)
  32 yaks
  The ghost of AwFulAwFulPlayer the Chopper, an amateur MiGl (D:3)
  A hog (shapeshifter) (D:14)
  3 steam dragons
  5 basilisks
  3 vampire mosquitoes (D:12)
  Menkaure (D:4)
  2 acid dragons (D:12)
  2 nagas (Lair:2)
  9 wargs
  8 hell hounds
  14 water moccasins
  Duvessa (D:7)
  13 black bears
  19 orc warriors
  3 ice beasts
  3 sky beasts
  9 ogres
  9 wolves (Lair:5)
  10 centaurs
  4 kobold brigands
  7 phantoms
  A gnoll sergeant (D:6)
  16 bullfrogs
  5 scorpions
  4 wights (D:7)
  Dowan (D:7)
  3 killer bees (D:9)
  An electric eel (Lair:1)
  11 howler monkeys
  A centaur zombie (D:4)
  15 orc priests
  5 hounds
  4 jellies
  4 iguanas
  17 orc wizards
  A killer bee zombie (D:4)
  19 gnolls
  11 adders
  A shadow imp (D:5)
  An ufetubus (D:5)
  A worm (D:4)
  45 orcs
  8 ball pythons
  11 endoplasms
  8 giant cockroaches
  19 goblins
  15 hobgoblins
  32 kobolds
  9 quokkas
  9 bats
  7 frilled lizards
  6 rats
641 creatures vanquished.

Vanquished Creatures (collateral kills)
  An ogre mage (D:15)
  2 two-headed ogres
  A centaur warrior (D:13)
  A boulder beetle (D:15)
  A manticore (D:11)
  A torpor snail (Lair:5)
  A cane toad (Lair:2)
  A tyrant leech (Lair:5)
  2 merfolk (Lair:3)
  A troll (D:13)
  3 blink frogs (Lair:2)
  A raiju (Lair:5)
  A slime creature (D:13)
  A yak (Lair:2)
  3 wargs
  A naga (Lair:2)
  5 hell hounds (Lair:5)
  3 orc warriors
  An ogre (Orc:1)
  4 wolves (Lair:5)
  2 centaurs
  A bullfrog (D:9)
  A kobold brigand (D:9)
  A gnoll sergeant (Orc:2)
  A howler monkey (D:9)
  A lava snake (D:12)
  4 orc priests
  4 orc wizards
  2 gnolls (Orc:2)
  10 orcs
  A fire vortex (D:12)
  3 foxfires
66 creatures vanquished.

Vanquished Creatures (others)
  A fire vortex (Lair:1)
  836 foxfires
837 creatures vanquished.

Grand Total: 1544 creatures vanquished

Notes
Turn   | Place    | Note
-------+----------+-------------------------------------------
     0 | D:1      | jlumianski the Djinni Fire Elementalist began the quest for
                  | the Orb.
     0 | D:1      | jlumianski set off with the following spells memorised:
                  | Foxfire, Scorch, Volatile Blastmotes, Inner Flame, Flame
                  | Wave.
     0 | D:1      | Reached XP level 1. HP: 15/15 MP: 0/0
    71 | D:1      | Reached XP level 2. HP: 20/21 MP: 0/0
   148 | D:2      | Reached XP level 3. HP: 24/25 MP: 0/0
   148 | D:2      | Learned a level 1 spell: Beastly Appendage
   149 | D:2      | Identified the +3 dagger of Dishonour {freeze, rN+++ rCorr
                  | Dex-5 SInv}
   542 | D:3      | Reached XP level 4. HP: 31/31 MP: 0/0
  1434 | D:4      | Found a runed translucent gate.
  1434 | D:4      | Found a runed translucent gate.
  1434 | D:4      | Found a runed translucent gate.
  1434 | D:4      | Noticed AwFulAwFulPlayer's ghost (amateur MiGl)
  2069 | D:4      | Found a glowing golden altar of the Shining One.
  2070 | D:4      | Found a white marble altar of Elyvilon.
  2073 | D:4      | Found a glowing silver altar of Zin.
  2158 | D:4      | Noticed a phantom
  2166 | D:4      | Killed a phantom
  2167 | D:4      | Reached skill level 1 in Short Blades
  2167 | D:4      | Reached skill level 1 in Armour
  2167 | D:4      | Reached XP level 5. HP: 30/36 MP: 0/0
  2167 | D:4      | Learned a level 2 spell: Poisonous Vapours
  2233 | D:4      | Reached XP level 6. HP: 39/41 MP: 0/0
  2278 | D:4      | Found a staircase to the Ecumenical Temple.
  2292 | Temple   | Entered the Ecumenical Temple
  2670 | D:5      | Entered Level 5 of the Dungeon
  2915 | D:5      | Noticed a water moccasin
  2933 | D:5      | Found a glowing drain.
  2963 | Sewer    | Entered a sewer
  2968 | Sewer    | Reached XP level 7. HP: 44/46 MP: 0/0
  2968 | Sewer    | Learned a level 3 spell: Dazzling Flash
  2991 | Sewer    | Noticed a water moccasin
  3032 | Sewer    | Killed a water moccasin
  3033 | Sewer    | Reached skill level 1 in Fighting
  3464 | D:4      | Identified the +6 dagger of Wyrd {freeze, Drain rF+ rCorr
                  | Str+6}
  3850 | D:4      | Reached skill level 1 in Staves
  3920 | D:4      | Noticed Menkaure
  3954 | D:4      | Killed Menkaure
  4014 | D:4      | Found a bloodstained altar of Trog.
  4293 | D:4      | Reached XP level 8. HP: 45/52 MP: 0/0
  4464 | D:3      | Killed AwFulAwFulPlayer's ghost
  4465 | D:3      | Reached skill level 5 in Spellcasting
  4465 | D:3      | Reached skill level 5 in Conjurations
  4465 | D:3      | Reached skill level 5 in Hexes
  4465 | D:3      | Reached skill level 5 in Summonings
  4465 | D:3      | Reached skill level 5 in Necromancy
  4465 | D:3      | Reached skill level 5 in Translocations
  4465 | D:3      | Reached skill level 5 in Transmutations
  4465 | D:3      | Reached skill level 5 in Fire Magic
  4465 | D:3      | Reached skill level 5 in Ice Magic
  4465 | D:3      | Reached skill level 5 in Air Magic
  4465 | D:3      | Reached skill level 5 in Earth Magic
  4465 | D:3      | Reached skill level 5 in Poison Magic
  4959 | D:5      | Reached skill level 5 in Dodging
  4959 | D:5      | Reached XP level 9. HP: 52/58 MP: 0/0
  4959 | D:5      | Learned a level 3 spell: Hailstorm
  5133 | D:5      | You are sucked into a shaft and drop 2 floors!
  6565 | D:7      | Noticed a kobold demonologist
  6774 | D:6      | Found a broken altar of Ashenzari.
  7068 | D:6      | Reached XP level 10. HP: 58/64 MP: 0/0
  7095 | D:6      | Killed a kobold demonologist
  7271 | D:7      | Reached skill level 1 in Shields
  8363 | D:7      | Noticed Duvessa
  8372 | D:7      | Killed Duvessa
  8374 | D:7      | Noticed Dowan
  8378 | D:7      | Killed Dowan
  8672 | D:7      | Found a hazy altar of Hepliaklqana.
  8734 | D:7      | Found a burning altar of Makhleb.
  8734 | D:7      | Noticed an Executioner
  8740 | D:7      | Became a worshipper of Makhleb the Destroyer
  8902 | D:8      | Reached skill level 1 in Invocations
  9045 | D:9      | Found Kupnoi's Antique Armour Emporium.
  9134 | D:8      | Reached XP level 11. HP: 60/69 MP: 0/0
  9134 | D:8      | Learned a level 4 spell: Summon Ice Beast
  9283 | D:8      | Found Duumuacs's Weapon Shoppe.
  9427 | D:8      | Noticed Psyche
  9449 | D:8      | Noticed Erica
  9453 | D:8      | Killed Psyche
  9604 | D:8      | Killed Erica
  9838 | D:9      | Reached * piety under Makhleb
  9839 | D:9      | Reached skill level 10 in Spellcasting
  9839 | D:9      | Reached skill level 10 in Conjurations
  9839 | D:9      | Reached skill level 10 in Hexes
  9839 | D:9      | Reached skill level 10 in Summonings
  9839 | D:9      | Reached skill level 10 in Necromancy
  9839 | D:9      | Reached skill level 10 in Translocations
  9839 | D:9      | Reached skill level 10 in Transmutations
  9839 | D:9      | Reached skill level 10 in Fire Magic
  9839 | D:9      | Reached skill level 10 in Ice Magic
  9839 | D:9      | Reached skill level 10 in Air Magic
  9839 | D:9      | Reached skill level 10 in Earth Magic
  9839 | D:9      | Reached skill level 10 in Poison Magic
 10088 | D:9      | Noticed Maggie
 10119 | D:9      | Killed Maggie
 10120 | D:9      | Reached skill level 5 in Invocations
 10421 | D:9      | Bought a glowing troll leather armour for 558 gold pieces
 10436 | D:10     | Entered Level 10 of the Dungeon
 10478 | D:9      | Found a staircase to the Lair.
 10489 | D:9      | Noticed a two-headed ogre
 10502 | D:9      | Killed a two-headed ogre
 10973 | D:10     | Found Seit's Magic Scroll Emporium.
 10980 | D:10     | Bought a scroll of identify for 28 gold pieces
 10980 | D:10     | Bought a scroll of identify for 28 gold pieces
 11069 | D:10     | Found Gaoshrobu's Weapon Emporium.
 11080 | D:10     | Found a blossoming altar of Fedhas.
 11116 | D:10     | Noticed a seven-headed hydra
 11127 | D:10     | Killed a seven-headed hydra
 11224 | D:10     | Found Ichyla's Assorted Antiques.
 11238 | D:10     | Bought a scroll of identify for 64 gold pieces
 11547 | D:11     | Reached ** piety under Makhleb
 11629 | D:11     | Reached XP level 12. HP: 76/76 MP: 0/0
 11678 | D:11     | Noticed a two-headed ogre
 11695 | D:11     | Killed a two-headed ogre
 11742 | D:11     | Noticed Maurice
 11749 | D:11     | Killed Maurice
 12475 | D:12     | Noticed Nessos
 12488 | D:12     | Killed Nessos
 12569 | D:12     | Noticed a two-headed ogre
 12581 | D:12     | Killed a two-headed ogre
 12613 | D:12     | Noticed Nergalle
 12621 | D:12     | Killed Nergalle
 12682 | D:12     | Found a staircase to the Orcish Mines.
 12765 | D:12     | Reached skill level 5 in Armour
 13281 | Orc:1    | Entered Level 1 of the Orcish Mines
 13465 | Orc:1    | Noticed an ettin
 13571 | Lair:1   | Entered Level 1 of the Lair of Beasts
 13705 | Lair:1   | Reached *** piety under Makhleb
 13831 | Lair:1   | Reached XP level 13. HP: 72/80 MP: 0/0
 13831 | Lair:1   | Learned a level 5 spell: Freezing Cloud
 14259 | Lair:1   | Found a runed translucent door.
 14268 | Lair:1   | Noticed Cyfinlor's ghost (novice SpEn)
 14654 | Lair:1   | Killed Cyfinlor's ghost
 14770 | Lair:2   | Reached skill level 1 in Evocations
 14939 | Lair:2   | Reached skill level 5 in Stealth
 15085 | Lair:2   | Reached skill level 10 in Invocations
 15233 | Lair:2   | Identified the +4 rapier "Nekojasch" {freeze, rElec}
 15514 | Lair:2   | Found a staircase to the Snake Pit.
 15932 | Lair:3   | Found a staircase to the Shoals.
 16058 | Lair:3   | Noticed Amaemon
 16081 | Lair:3   | Killed Amaemon
 16306 | Lair:3   | Noticed Urug
 16320 | Lair:3   | Killed Urug
 16512 | Lair:3   | Reached **** piety under Makhleb
 16857 | Lair:4   | Reached XP level 14. HP: 79/85 MP: 0/0
 17464 | Lair:5   | Entered Level 5 of the Lair of Beasts
 17649 | Lair:5   | Reached skill level 5 in Short Blades
 17656 | Lair:5   | Reached ***** piety under Makhleb
 17659 | Lair:5   | Reached skill level 5 in Evocations
 17700 | Lair:5   | Found a staircase to the Slime Pits.
 17707 | Lair:5   | Found a viscous altar of Jiyva.
 17728 | Lair:5   | Identified the +0 flail "Misiyxocs" {flame, rN+}
 18955 | Lair:5   | Found a runed translucent door.
 19020 | Lair:5   | Reached XP level 15. HP: 92/92 MP: 0/0
 19020 | Lair:5   | Learned a level 6 spell: Death Channel
 19203 | Lair:5   | Reached skill level 10 in Dodging
 19765 | Orc:1    | Found Ziblun's General Store.
 19779 | Orc:1    | Bought a scroll of identify for 30 gold pieces
 19963 | Orc:1    | Reached ****** piety under Makhleb
 20136 | D:10     | Bought the +12 pair of quick blades "Gyre" and "Gimble"
                  | {protect} for 850 gold pieces
 20136 | D:10     | Found the +12 pair of quick blades "Gyre" and "Gimble"
                  | {protect}
 20461 | Orc:2    | Entered Level 2 of the Orcish Mines
 20589 | Orc:2    | Found a staircase to the Elven Halls.
 20671 | Orc:2    | Noticed an orc warlord
 20773 | Orc:2    | Killed an orc warlord
 21177 | Orc:2    | HP: 4/92 [orc warrior/+0 halberd[an orc warlord] (8)]
 21536 | Orc:2    | Noticed an orc warlord
 21697 | Orc:2    | Killed an orc warlord
 21848 | Orc:2    | Found Wiall's Assorted Antiques.
 21866 | Orc:2    | Found Docerch's Magic Scroll Shoppe.
 21868 | Orc:2    | Found Tavifaf's Antique Armour Shoppe.
 21887 | Orc:2    | Found Ockuamm's Antique Weapon Shoppe.
 22812 | D:14     | Reached XP level 16. HP: 96/97 MP: 0/0
 22912 | D:14     | Found a gate to the Vaults.
 23215 | D:15     | Entered Level 15 of the Dungeon
 23275 | D:15     | Noticed Roxanne
 23395 | D:15     | Found a stormy altar of Qazlal.
 23695 | D:15     | Found a staircase to the Depths.
 23851 | D:15     | Killed Roxanne
 24078 | Snake:1  | Entered Level 1 of the Snake Pit
 24079 | Snake:1  | Upgraded the game from 0.31-a0-187-gba352fbbf7 to
                  | 0.31-a0-188-g5e087ee2ca
 24168 | Snake:1  | Noticed Frances
 24206 | Snake:1  | Killed from afar by Frances

Illustrated notes

Levels and vault maps discovered:
D:1:      dpeg_arrival_windows_large_door, layout_basic
D:2:      layout_rooms, minmay_pentomino_u2
D:3:      layout_basic, serial_park_tiny_pond
D:4:      layout_layer_cave, dreamdust_divine_triumvirate, trog_hazing_becter,
          minmay_temple_entry_ruins, gammafunk_ghost_necromancy,
          minmay_door_square, chequers_big_river, minmay_cupped, uniq_menkaure
D:5:      layout_basic, portal_sewer_entry_f, minmay_joined_circles
D:6:      layout_loops_ring, mainiacjoe_overflow_surrounded_room
D:7:      corexii_shantytown, layout_basic, makhleb_altar_promises_db,
          mainiacjoe_overflow_24_doors, uniq_duvessa
D:8:      layout_basic, serial_shops, shop, minmay_misc_feat_plants, uniq_erica,
          uniq_psyche
D:9:      layout_cave_pods, lair_entry_dummy, serial_shops,
          nicolae_stop_n_shop_1, uniq_maggie
D:10:     layout_basic, lemuel_crystal_altar, serial_shops,
          nicolae_shop_pleasant_corner_grove, nicolae_shop_waterfront,
          shop_fountains
D:11:     layout_stronghold, uniq_maurice
D:12:     layout_gridville, orc_0_dummy, kennysheep_flooded_box, uniq_nergalle,
          uniq_nessos
D:13:     layout_big_octagon
D:14:     layout_cave_pools, erik_vaults_1, kennysheep_crisscross
D:15:     grunt_enter_depths_snipers, layout_rooms,
          nicolae_qazlal_scattered_showers, uniq_roxanne
Temple:   minmay_temple_curvy_branch
Lair:1:   layout_gridlike, ebering_ghost_reflecting_pool,
          infiniplex_staircase_pool
Lair:2:   layout_gridlike, guppyfry_snake_entry_island, grunt_megastairs_3
Lair:3:   layout_cave_pods, elwin_shoals_entry_stream, minivault_24,
          chequers_serial_rivers_room_a, uniq_amaemon, uniq_urug
Lair:4:   layout_big_grid
Lair:5:   hangedman_lair_caniforms_friends, layout_long_grid, wormcave,
          slime_entry_1, patterned_corridor
Snake:1:  layout_basic, serial_shops, shop, uniq_frances, uniq_rupert,
          uniq_asterion
Snake:2:  layout_cave_shapes, grunt_megastairs_5, uniq_agnes
Orc:1:    layout_caves, serial_shops, shop, minmay_orc_temple_a
Orc:2:    hellmonk_orc_salted, layout_diamond_mine

Skill      XL: |  1  2  3  4  5  6  7  8  9 10 11 12 13 14 15 16 |
---------------+-------------------------------------------------+-----
Spellcasting   | 4 6 7 9 10 11 12 | 12.7
Conjurations   | 4 6 7 9 10 11 12 | 12.7
Hexes          | 4 6 7 9 10 11 12 | 12.7
Summonings     | 4 6 7 9 10 11 12 | 12.7
Necromancy     | 4 6 7 9 10 11 12 | 12.7
Translocations | 4 6 7 9 10 11 12 | 12.7
Transmutations | 4 6 7 9 10 11 12 | 12.7
Fire Magic     | 4 6 7 9 10 11 12 | 12.7
Ice Magic      | 4 6 7 9 10 11 12 | 12.7
Air Magic      | 4 6 7 9 10 11 12 | 12.7
Earth Magic    | 4 6 7 9 10 11 12 | 12.7
Poison Magic   | 4 6 7 9 10 11 12 | 12.7
Stealth        | 2 3 4 5 7 8 |  8.6
Dodging        | 3 5 6 7 8 9 10 11 | 11.2
Short Blades   | 1 4 5 7 9 |  9.0
Armour         | 1 2 3 4 5 |  5.3
Fighting       | 1 2 3 4 |  4.1
Staves         | 1 2 |  2.6
Shields        | 1 2 |  2.5
Invocations    | 2 6 9 10 11 12 | 12.3
Evocations     | 3 5 7 |  7.9

Action                     |  1- 3 |  4- 6 |  7- 9 | 10-12 | 13-15 | 16-18 || total
---------------------------+-------+-------+-------+-------+-------+-------++-------
  Melee: Unarmed           |     1 |       |       |       |       |       ||     1
         Dagger            |    29 |    39 |       |     2 |     1 |       ||    71
         Staff             |       |     9 |    36 |    22 |    42 |       ||   109
         Rapier            |       |       |       |       |    17 |       ||    17
         Pair of quick bla |       |       |       |       |   471 |   478 ||   949
   Cast: Foxfire           |    27 |    41 |    75 |   138 |   184 |     3 ||   468
         Scorch            |       |     5 |    63 |   159 |   313 |     7 ||   547
         Beastly Appendage |       |     1 |       |       |     1 |       ||     2
         Volatile Blastmot |       |       |    15 |    11 |    13 |     3 ||    42
         Dazzling Flash    |       |       |     4 |     9 |    12 |       ||    25
         Poisonous Vapours |       |       |     1 |     1 |     8 |     1 ||    11
         Flame Wave        |       |       |     1 |    20 |    43 |     3 ||    67
         Hailstorm         |       |       |     1 |    18 |     9 |       ||    28
         Summon Ice Beast  |       |       |       |    20 |    50 |     2 ||    72
         Inner Flame       |       |       |       |    11 |    15 |     1 ||    27
         Freezing Cloud    |       |       |       |       |    33 |     2 ||    35
         Death Channel     |       |       |       |       |     7 |     1 ||     8
 Invoke: Lesser Servant of |       |       |       |       |     2 |       ||     2
         Major Destruction |       |       |       |       |     3 |       ||     3
         Greater Servant o |       |       |       |       |       |     1 ||     1
  Evoke: Wand              |       |       |       |       |     3 |       ||     3
         Box of beasts     |       |       |       |       |       |     1 ||     1
    Use: Scroll            |       |     6 |       |    16 |     7 |     1 ||    30
         Potion            |       |       |     1 |     6 |     2 |       ||     9
   Stab: Sleeping          |     4 |     3 |       |       |     6 |     3 ||    16
         Invisible         |       |       |       |       |     2 |       ||     2
         Distracted        |       |       |       |       |     1 |     1 ||     2
 Armour: Robe              |     6 |       |       |       |       |       ||     6
         Leather armour    |     4 |    14 |    35 |    23 |       |       ||    76
         Troll leather arm |       |       |       |    14 |    89 |    25 ||   128
  Dodge: Dodged            |    16 |    41 |   136 |   232 |   576 |   105 ||  1106
  Block: Other             |       |       |     7 |    43 |   129 |    25 ||   204
         Reflection        |       |       |     1 |     2 |     7 |     5 ||    15

Table legend: (Time is in decaauts)
 A = Elapsed time spent in this place.
 B = Non-inter-level travel time spent in this place.
 C = Inter-level travel time spent in this place.
 D = Time resting spent in this place.
 E = Time spent auto-exploring this place.
 F = Levels seen in this place.
 G = Mean time per level.
                   A        B        C        D        E       F      G
               +--------+--------+--------+--------+--------+-----+--------+
         Total |  24258 |  22821 |   1437 |   1869 |  13334 |  26 |  933.0 |
       Dungeon |  15714 |  14609 |   1105 |   1178 |   9188 |  15 | 1047.6 |
        Temple |    296 |    296 |      0 |      0 |    211 |   1 |  296.0 |
          Lair |   5872 |   5636 |    236 |    618 |   3104 |   5 | 1174.4 |
     Snake Pit |    121 |    121 |      0 |      0 |     18 |   2 |   60.5 |
  Orcish Mines |   2108 |   2014 |     94 |     73 |    813 |   2 | 1054.0 |
         Sewer |    145 |    145 |      0 |      0 |      0 |   1 |  145.0 |
               +--------+--------+--------+--------+--------+-----+--------+

Top non-repeatable levels by time:
     D:4: 1793 daAuts
  Lair:5: 1697 daAuts
     D:5: 1652 daAuts
     D:7: 1577 daAuts
   Orc:2: 1373 daAuts
     D:9: 1359 daAuts
    D:12: 1320 daAuts
     D:6: 1300 daAuts
    D:11: 1245 daAuts
  Lair:1: 1127 daAuts
  Lair:2: 1099 daAuts
  Lair:3: 1046 daAuts
     D:3: 985 daAuts
  Lair:4: 902 daAuts
     D:8: 862 daAuts
